 Dungeon Crawl Stone Soup version 0.28-a0-465-ge2dae52223 (webtiles) character file.

Game seed: 4788435125996382456

103121 dolemite99 the Marksminotaur (level 15, -9/133 HPs)
             Began as a Minotaur Arcane Marksman on Sept 15, 2021.
             Was the Champion of Kikubaaqudgha.
             Mangled by Rupert (11 damage)
             ... on level 1 of the Spider Nest.
             The game lasted 00:55:20 (54775 turns).

dolemite99 the Marksminotaur (MiAM)                Turns: 54775, Time: 00:55:21

Health: -9/133     AC: 24    Str: 25    XL:     15   Next: 88%
Magic:  0/15       EV: 11    Int: 10    God:    Kikubaaqudgha [******]
Gold:   1598       SH:  0    Dex: 10    Spells: 12/16 levels left

rFire   + . .      SeeInvis .   a - +4 shortbow (venom)
rCold   + . .      Faith    .   (shield currently unavailable)
rNeg    . . .      Spirit   +   r - +2 plate armour {rF+}
rPois   +          Reflect  .   Q - +1 hat
rElec   .          Harm     .   e - +1 cloak
rCorr   .          Rampage  .   E - +0 pair of gloves {Str+3}
Will    +....                   F - +0 pair of boots
Stlth   ..........              O - amulet of guardian spirit
HPRegen 0.32/turn               x - ring of protection from cold
MPRegen 0.14/turn               d - ring of poison resistance

@: no status effects
A: horns 2, retaliatory headbutt
a: Renounce Religion, Receive Corpses, Torment


You were on level 1 of the Spider Nest.
You worshipped Kikubaaqudgha.
Kikubaaqudgha was exalted by your worship.
You visited 5 branches of the dungeon, and saw 25 of its levels.

You collected 3816 gold pieces.
You spent 2218 gold pieces at shops.

Inventory:

Hand Weapons
 a - a +4 shortbow of venom (weapon)
 b - a +1 longbow of flaming
 h - a +5 long sword of pain
 y - a +0 great sword
 I - a +2 scimitar of flaming
 V - a +0 short sword of venom
Missiles
 c - 237 arrows (quivered ammo)
Armour
 e - a +1 cloak (worn)
 r - a +2 plate armour of fire resistance (worn)
 E - a +0 pair of gloves of strength (worn)
 F - a +0 pair of boots (worn)
 Q - a +1 hat (worn)
Jewellery
 d - a ring of poison resistance (right hand)
 l - an amulet of reflection
 m - a ring of see invisible
 q - a ring of protection from cold
 x - a ring of protection from cold (left hand)
 D - a ring of willpower
 K - a ring of resist corrosion
 M - an amulet of faith
 N - a ring of positive energy
 O - an amulet of guardian spirit (around neck)
Wands
 k - a wand of polymorph (7)
 n - a wand of charming (12)
 t - a wand of flame (33)
 u - a wand of iceblast (12)
 H - a wand of digging (13)
Scrolls
 i - 3 scrolls of identify {@r1}
 p - 4 scrolls of magic mapping
 w - 3 scrolls of silence
 C - a scroll of enchant weapon
 L - 2 scrolls of fog
 W - a scroll of vulnerability
Potions
 f - 5 potions of haste
 g - a potion of lignification
 j - 2 potions of attraction
 z - 7 potions of flight
 B - a potion of ambrosia
 J - a potion of cancellation
 R - a potion of berserk rage
Miscellaneous
 U - a phial of floods


   Skills:
 + Level 12.3 Fighting
 - Level 6.7(10.4) Short Blades
 - Level 13.3(13.9) Long Blades
 - Level 17.7 Bows
 - Level 13.1 Armour
 - Level 11.8 Dodging
 - Level 1.0 Spellcasting
 - Level 2.0 Hexes
 - Level 5.8 Evocations


You had 12 spell levels left.
You knew the following spells:

 Your Spells              Type           Power      Damage    Failure   Level
a - Animate Dead          Necr           0%         N/A       100%        4

Your spell library contained the following spells:

 Spells                   Type           Power      Damage    Failure   Level
 Slow                     Hex            4%         N/A       88%         2
 Beastly Appendage        Tmut           0%         N/A       96%         1
 Pain                     Necr           0%         1d4       96%         1
 Shock                    Conj/Air       0%         1d3       96%         1
 Sting                    Tmut/Pois      0%         1d3       96%         1
 Ensorcelled Hibernation  Hex/Ice        4%         N/A       96%         2
 Corpse Rot               Necr/Air       N/A        N/A       99%         2
 Poisonous Vapours        Pois/Air       0%         N/A       99%         2
 Sublimation of Blood     Necr           0%         N/A       99%         2
 Wereblood                Tmut           0%         N/A       99%         2
 Dazzling Flash           Conj/Hex       4%         N/A       99%         3
 Inner Flame              Hex/Fire       2%         N/A       99%         3
 Portal Projectile        Hex/Tloc       4%         N/A       99%         3
 Spider Form              Tmut/Pois      0%         N/A       100%        3
 Swiftness                Air            0%         N/A       100%        3
 Vampiric Draining        Necr           0%         2d6       100%        3
 Airstrike                Air            0%         N/A       100%        4
 Cause Fear               Hex            2%         N/A       100%        4
 Dispel Undead            Necr           0%         3d6       100%        4
 Iskenderun's Mystic Bla  Conj/Tloc      0%         2d3       100%        4
 Olgreb's Toxic Radiance  Pois           0%         N/A       100%        4
 Petrify                  Tmut/Erth      0%         N/A       100%        4
 Summon Lightning Spire   Summ/Air       0%         N/A       100%        4
 Agony                    Necr           0%         N/A       100%        5
 Excruciating Wounds      Necr           0%         N/A       100%        5
 Freezing Cloud           Conj/Ice/Air   0%         6-21      100%        5
 Irradiate                Conj/Tmut      0%         3d13      100%        5
 Lightning Bolt           Conj/Air       0%         1d11      100%        5
 Summon Forest            Summ/Tloc      0%         N/A       100%        5
 Summon Mana Viper        Hex/Summ       2%         N/A       100%        5
 Death Channel            Necr           0%         N/A       100%        6
 Simulacrum               Ice/Necr       0%         N/A       100%        6
 Starburst                Conj/Fire      0%         6d3       100%        6
 Summon Cactus Giant      Summ           0%         N/A       100%        6
 Summon Hydra             Summ           0%         N/A       100%        7
 Polar Vortex             Ice            0%         N/A       100%        9


Dungeon Overview and Level Annotations

Branches:
Dungeon (15/15)            Temple (0/1) D:5            Lair (6/6) D:9
  Swamp (1/4) Lair:3       Spider (1/4) Lair:3        Slime (0/5) Lair:6
    Orc (2/2) D:10            Elf (0/3) Orc:2        Vaults (0/5) D:13
 Depths (0/5) D:15

Altars:
Ashenzari
Cheibriados
Dithmenos
Gozag
Hepliaklqana
Kikubaaqudgha
Makhleb
Okawaru
Qazlal
Sif Muna
Uskayaw
Vehumet
Wu Jian
Xom
Yredelemnul
Beogh

Shops:
D:8 [   D:9 *   Orc:1 (   Orc:2 !=[

Annotations:
D:8 exclusion: door
D:14 1 runed translucent door
Lair:2 2 transporters, lunkers's ghost, journeyman DjEE
Lair:3 Nikola
Spider:1 Rupert


Innate Abilities, Weirdness & Mutations

You have a pair of horns on your head.
You reflexively headbutt those who attack you in melee.


Message History

Press: ? - help, Q - select action, (/) - cycle Shift-Dir - straight line, f/p - Rupert
Aim: Rupert, wielding a +7 battleaxe of electrocution and wearing a +0 scale mail (heavily wounded, berserk, extremely poisoned, 76% to hit)
You shoot an arrow. The arrow hits Rupert.
Rupert looks as sick as possible!
Rupert is heavily wounded.
Rupert hits you with a +7 battleaxe of electrocution!
You are electrocuted!!
* * * LOW HITPOINT WARNING * * *
The tarantella bites you but does no damage.
Fire: 240 arrows
Press: ? - help, Q - select action, (/) - cycle Shift-Dir - straight line, f/p - Rupert
Aim: Rupert, wielding a +7 battleaxe of electrocution and wearing a +0 scale mail (heavily wounded, berserk, extremely poisoned, 76% to hit)
You shoot an arrow. The arrow hits Rupert.
Rupert is heavily wounded.
The redback bites you but does no damage. x2
Rupert barely misses you.
The tarantella bites you but does no damage.
Fire: 239 arrows
Press: ? - help, Q - select action, (/) - cycle Shift-Dir - straight line, f/p - Rupert
Aim: Rupert, wielding a +7 battleaxe of electrocution and wearing a +0 scale mail (heavily wounded, berserk, extremely poisoned, 76% to hit)
You shoot an arrow. The arrow closely misses Rupert.
The redback closely misses you.
The redback bites you but does no damage.
Rupert hits you with a +7 battleaxe of electrocution!!
* * * LOW HITPOINT WARNING * * *
You are electrocuted!
* * * LOW HITPOINT WARNING * * *
Fire: 238 arrows
Press: ? - help, Q - select action, (/) - cycle Shift-Dir - straight line, f/p - Rupert
Aim: Rupert, wielding a +7 battleaxe of electrocution and wearing a +0 scale mail (heavily wounded, berserk, extremely poisoned, 76% to hit)
You shoot an arrow. The arrow hits Rupert!
Rupert is heavily wounded.
The tarantella barely misses you.
The redback bites you but does no damage.
The redback barely misses you. You furiously retaliate!
You headbutt the redback.
Rupert hits you with a +7 battleaxe of electrocution!
* * * LOW HITPOINT WARNING * * *
You are electrocuted!
You die...
Kikubaaqudgha rasps: "You have failed me!
Welcome... death!"

###.##.#.#####..........
#.........##..........##
##........##....#........
##.................<......
.#.^........).#.....#......
.............(.............
.......#.................#..
...........ss(.(.(..........
#.......#..@@(....(.........
#..........s.#..#^....#.##.
......#......##########.^##
............## ..##.
#...........# ....#.
##...>.......# #.#..#.
....#........# #######
......#.....## .........#..


You could see Rupert (berserk, extremely poisoned), a tarantella and 2 redbacks.

Vanquished Creatures
  An emperor scorpion (Spider:1)
  Nessos (D:12)
  Azrael (D:12)
  A bunyip (Lair:3)
  Snorg (D:12)
  Josephine (D:12)
  Harold (Lair:1)
  4 vault guards (D:13)
  5 boulder beetles
  Erolcha (D:12)
  5 catoblepae
  2 ogre magi (Orc:2)
  3 hydras
  5 centaur warriors
  A death knight (D:15)
  11 two-headed ogres
  10 death yaks
  4 tengu warriors
  Nergalle (D:11)
  Urug (D:11)
  An iron troll (Orc:2)
  A deep troll (Orc:1)
  An orc knight (Orc:2)
  3 wizards
  A necromancer (D:15)
  3 deep elf pyromancers
  An orb spider (Spider:1)
  A wolf spider (Spider:1)
  15 ugly things
  11 cyclopes
  12 elephants
  A centaur zombie (D:15)
  4 manticores
  4 black mambas
  A naga mage (D:15)
  6 cane toads
  A torpor snail (Lair:6)
  A gargoyle (D:11)
  2 efreet
  A demonic crawler (Spider:1)
  A tengu conjurer (D:14)
  8 komodo dragons
  3 rime drakes
  A redback zombie (D:15)
  12 trolls
  A polar bear (shapeshifter) (D:15)
  3 polar bears
  A queen bee (shapeshifter) (D:11)
  A tyrant leech (Lair:3)
  4 dream sheep (Lair:5)
  4 slime creatures
  11 blink frogs
  2 centaur simulacra (D:15)
  Sigmund (D:3)
  7 redbacks
  A meliai zombie (D:10)
  A fire elemental (D:11)
  3 water elementals
  42 yaks
  3 vampires
  6 wraiths
  7 humans (D:13)
  6 basilisks
  A steam dragon (D:8)
  2 swamp worms (Lair:3)
  2 acid dragons
  A warg (Orc:1)
  Duvessa (D:7)
  3 hell hounds (D:12)
  12 water moccasins
  An ice beast (D:7)
  Purgy (D:3)
  2 black bears
  20 orc warriors
  A sky beast (D:8)
  20 ogres
  A necrophage (D:6)
  9 wolves
  9 centaurs
  3 phantoms
  9 bullfrogs
  A gnoll sergeant (D:8)
  5 scorpions
  Dowan (D:7)
  A wyvern skeleton (D:6)
  A water moccasin skeleton (D:5)
  12 killer bees
  10 wights
  5 electric eels
  7 howler monkeys
  3 crimson imps (D:14)
  A bullfrog skeleton (D:4)
  A bullfrog zombie (D:5)
  8 orc priests
  A gnoll shaman (D:7)
  A hound (D:5)
  16 jellies
  3 centaur skeletons
  2 iguanas
  17 orc wizards
  2 hell rats (Lair:4)
  Robin (D:4)
  17 gnolls
  6 adders
  7 river rats (Lair:4)
  6 shadow imps
  2 white imps (D:14)
  An adder zombie (D:5)
  6 worms
  4 dart slugs
  46 orcs
  6 endoplasms
  3 giant cockroaches
  11 goblins
  8 hobgoblins
  4 quokkas
  8 ball pythons
  3 bats
  7 frilled lizards
  8 kobolds
  6 rats
616 creatures vanquished.

Vanquished Creatures (collateral kills)
  Frances (Spider:1)
  An orb spider (Spider:1)
  A redback (Spider:1)
  A fire elemental (D:12)
4 creatures vanquished.

Vanquished Creatures (others)
  A vault guard (D:13)
  A hell hound (D:12)
  37 fungi
  80 plants
119 creatures vanquished.

Grand Total: 739 creatures vanquished

Notes
Turn   | Place    | Note
-------+----------+-------------------------------------------
     0 | D:1      | dolemite99 the Minotaur Arcane Marksman began the quest for
                  | the Orb.
     0 | D:1      | Reached XP level 1. HP: 16/16 MP: 1/1
   214 | D:1      | Reached skill level 3 in Bows
   214 | D:1      | Found a faded altar of an unknown god.
   233 | D:1      | Reached XP level 2. HP: 22/23 MP: 2/2
   354 | D:1      | Became a worshipper of Kikubaaqudgha
   354 | D:1      | Reached * piety under Kikubaaqudgha
   354 | D:1      | Received a gift from Kikubaaqudgha
   554 | D:1      | Reached XP level 3. HP: 28/28 MP: 3/3
   670 | D:1      | Reached skill level 4 in Bows
  1726 | D:2      | Reached XP level 4. HP: 35/35 MP: 4/4
  2020 | D:2      | Reached skill level 5 in Bows
  2200 | D:2      | Found a shimmering altar of Xom.
  2261 | D:2      | Reached ** piety under Kikubaaqudgha
  3075 | D:3      | Found a broken altar of Ashenzari.
  3081 | D:3      | You fall into a shaft and drop 3 floors!
  3082 | D:6      | Noticed a necrophage
  3090 | D:6      | Killed a necrophage
  3091 | D:6      | Reached skill level 6 in Bows
  3091 | D:6      | Reached XP level 5. HP: 39/40 MP: 5/5
  3786 | D:5      | Entered Level 5 of the Dungeon
  3799 | D:5      | Noticed a phantom
  3809 | D:5      | Killed a phantom
  3810 | D:5      | Reached skill level 7 in Bows
  3810 | D:5      | Reached XP level 6. HP: 31/47 MP: 6/6
  4402 | D:5      | Found a staircase to the Ecumenical Temple.
  4656 | D:5      | Found a hide-covered altar of Uskayaw.
  4811 | D:4      | Reached skill level 8 in Bows
  4875 | D:3      | Noticed Purgy
  4896 | D:3      | Killed Purgy
  4897 | D:3      | Reached XP level 7. HP: 22/52 MP: 7/7
  5417 | D:3      | Noticed Sigmund
  5431 | D:3      | Killed Sigmund
  5432 | D:3      | Reached skill level 9 in Bows
  6255 | D:3      | Found a snail-covered altar of Cheibriados.
  6289 | D:3      | Reached skill level 1 in Short Blades
  6698 | D:4      | Noticed Robin
  6717 | D:4      | Killed Robin
  7713 | D:5      | Reached XP level 8. HP: 59/59 MP: 8/8
  7918 | D:5      | Found a shimmering altar of Xom.
  8237 | D:6      | Reached skill level 5 in Short Blades
 10487 | D:7      | Reached skill level 5 in Fighting
 11013 | D:7      | Reached XP level 9. HP: 39/78 MP: 9/9
 11031 | D:7      | Reached *** piety under Kikubaaqudgha
 11031 | D:7      | Received a gift from Kikubaaqudgha
 11443 | D:7      | Identified the +5 quarterstaff of Piekal {vorpal, Str+3}
 11979 | D:7      | Noticed Duvessa
 11985 | D:7      | Noticed Dowan
 11997 | D:7      | Killed Duvessa
 12009 | D:7      | Killed Dowan
 12154 | D:7      | Learned a level 4 spell: Animate Dead
 12212 | D:8      | Reached skill level 1 in Evocations
 12725 | D:8      | Found an iron altar of Okawaru.
 12781 | D:8      | Found an ancient bone altar of Kikubaaqudgha.
 12816 | D:8      | Found a hazy altar of Hepliaklqana.
 12819 | D:8      | Found a shadowy altar of Dithmenos.
 13570 | D:8      | Noticed a seven-headed hydra
 13578 | D:8      | Killed a seven-headed hydra
 13579 | D:8      | Reached skill level 5 in Armour
 13994 | D:8      | Found Daefogel's Armour Boutique.
 14009 | D:8      | Bought a +1 cloak for 149 gold pieces
 14155 | D:9      | Noticed a komodo dragon
 14178 | D:9      | Killed a komodo dragon
 14578 | D:9      | Reached XP level 10. HP: 84/88 MP: 8/10
 14609 | D:9      | Found a burning altar of Makhleb.
 14611 | D:9      | Found a staircase to the Lair.
 14620 | D:9      | Found a stormy altar of Qazlal.
 14628 | D:9      | Found Yriexu Eche's General Store.
 14633 | D:9      | Bought a scroll of fog for 30 gold pieces
 14633 | D:9      | Bought a scroll of holy word for 112 gold pieces
 15488 | D:9      | Found an opulent altar of Gozag.
 15543 | D:9      | Found a basalt altar of Yredelemnul.
 15635 | D:10     | Entered Level 10 of the Dungeon
 15697 | D:10     | Reached skill level 10 in Bows
 15740 | D:9      | Reached **** piety under Kikubaaqudgha
 16729 | Lair:1   | Entered Level 1 of the Lair of Beasts
 16760 | Lair:1   | Reached skill level 11 in Bows
 17444 | Lair:1   | Noticed a cane toad
 17451 | Lair:1   | Killed a cane toad
 17452 | Lair:1   | Reached skill level 12 in Bows
 17734 | Lair:1   | Noticed an elephant
 17734 | Lair:1   | Noticed an elephant
 17752 | Lair:1   | Killed an elephant
 17753 | Lair:1   | Reached XP level 11. HP: 94/94 MP: 11/11
 17859 | Lair:1   | HP: 4/94 [elephant (6)]
 17861 | Lair:1   | Reached skill level 13 in Bows
 18524 | Lair:1   | Noticed Harold
 18536 | Lair:1   | Killed Harold
 19083 | Lair:2   | Found a transporter.
 19215 | Lair:2   | Noticed a red ugly thing
 19307 | Lair:2   | Reached skill level 14 in Bows
 19487 | Lair:2   | Noticed a hell hog
 19488 | Lair:2   | Noticed a large abomination
 19488 | Lair:2   | Noticed a purple ugly thing
 19507 | Lair:2   | Found a transporter.
 19507 | Lair:2   | Noticed a spriggan rider
 19507 | Lair:2   | Noticed a red ugly thing
 19507 | Lair:2   | Noticed a green ugly thing
 19603 | Lair:2   | Noticed lunkers's ghost (journeyman DjEE)
 19980 | Lair:2   | Noticed a five-headed hydra
 19994 | Lair:2   | Killed a five-headed hydra
 20810 | Lair:3   | Reached skill level 5 in Dodging
 20966 | Lair:3   | Identified the +9 spear "Xeesm" {drain, Str+5}
 21020 | Lair:3   | Found a hole to the Spider Nest.
 21215 | Lair:3   | Reached XP level 12. HP: 98/101 MP: 12/12
 21590 | Lair:3   | Found a staircase to the Swamp.
 23767 | Lair:4   | Noticed a boulder beetle
 23782 | Lair:4   | Killed a boulder beetle
 23861 | Lair:4   | Identified a scroll of acquirement
 23861 | Lair:4   | Acquired a +0 pair of gloves of strength
 23980 | Lair:4   | Reached skill level 10 in Dodging
 24994 | Lair:5   | Noticed a catoblepas
 25016 | Lair:5   | Killed a catoblepas
 26050 | Lair:6   | Entered Level 6 of the Lair of Beasts
 26164 | Lair:6   | Found a staircase to the Slime Pits.
 26233 | Lair:5   | Reached skill level 10 in Armour
 26381 | Lair:6   | Noticed a death yak
 27278 | Lair:6   | Noticed a death yak
 27286 | Lair:6   | Noticed a death yak
 27456 | Lair:5   | Killed a death yak
 28229 | Lair:6   | Reached XP level 13. HP: 111/111 MP: 13/13
 29277 | Lair:6   | Reached skill level 10 in Fighting
 29430 | Lair:6   | Reached ***** piety under Kikubaaqudgha
 30290 | Lair:6   | HP: 1/116 [catoblepas (14)]
 32155 | D:10     | Found a staircase to the Orcish Mines.
 32698 | D:11     | Acquired 1088 gold pieces
 32744 | D:11     | Noticed Nergalle
 32767 | D:11     | Killed Nergalle
 32889 | D:11     | You fall into a shaft and drop 2 floors!
 33112 | D:12     | Noticed Snorg
 33872 | D:12     | Killed Snorg
 33873 | D:12     | Reached skill level 5 in Long Blades
 34002 | D:12     | Reached XP level 14. HP: 126/126 MP: 14/14
 34105 | D:12     | Noticed Erolcha
 34106 | D:12     | Noticed Josephine
 34114 | D:12     | Killed Erolcha
 34135 | D:12     | Killed Josephine
 35336 | D:11     | Noticed Urug
 35341 | D:11     | Killed Urug
 35940 | D:11     | Found an ornate altar of the Wu Jian Council.
 36160 | Orc:1    | Entered Level 1 of the Orcish Mines
 36160 | Orc:1    | Found Kitsagg's Antique Weapon Boutique.
 36816 | Orc:2    | Entered Level 2 of the Orcish Mines
 37572 | D:12     | Noticed Azrael
 37984 | D:12     | Reached skill level 10 in Long Blades
 38609 | Orc:2    | Found a staircase to the Elven Halls.
 39474 | Orc:2    | Found Ytarr's Jewellery Boutique.
 41111 | Orc:1    | Reached ****** piety under Kikubaaqudgha
 41339 | Orc:1    | Identified a +5 long sword of pain (a +3 long sword
                  | bloodied by Kikubaaqudgha)
 41339 | Orc:1    | Received a gift from Kikubaaqudgha
 42217 | Orc:2    | Found Ynounwuj's Distillery.
 42230 | Orc:2    | Found Guexzal's Antique Armour Boutique.
 42263 | Orc:2    | Found Oxuam's Magic Scroll Shop.
 42266 | Orc:2    | Found a shimmering blue altar of Sif Muna.
 42283 | Orc:2    | Bought a potion of might for 52 gold pieces
 42283 | Orc:2    | Bought a potion of heal wounds for 65 gold pieces
 42409 | Orc:2    | Bought a ring of see invisible for 210 gold pieces
 42416 | Orc:2    | Bought a shiny plate armour for 832 gold pieces
 42807 | D:9      | Bought 2 potions of haste for 300 gold pieces
 42864 | Orc:2    | Bought a potion of haste for 130 gold pieces
 42864 | Orc:2    | Bought 2 potions of haste for 260 gold pieces
 42864 | Orc:2    | Bought a potion of curing for 39 gold pieces
 42864 | Orc:2    | Bought a potion of lignification for 39 gold pieces
 42976 | D:12     | Killed Azrael
 43830 | D:12     | Reached skill level 5 in Evocations
 44063 | D:13     | Noticed Nessos
 44766 | D:12     | Killed Nessos
 45418 | D:13     | Reached XP level 15. HP: 132/132 MP: 15/15
 46380 | D:13     | Reached skill level 15 in Bows
 46844 | D:13     | Found a gate to the Vaults.
 47024 | D:14     | Found a radiant altar of Vehumet.
 47371 | D:14     | Found a runed translucent door.
 47384 | D:14     | Identified the +5 great sword of Modesty {vorpal}
 48292 | D:15     | Entered Level 15 of the Dungeon
 48613 | D:15     | Reached skill level 16 in Bows
 50559 | D:15     | Found a staircase to the Depths.
 50941 | Swamp:1  | Entered Level 1 of the Swamp
 50941 | Swamp:1  | Found a frozen archway.
 50977 | Lair:2   | Reached skill level 17 in Bows
 51939 | Spider:1 | Entered Level 1 of the Spider Nest
 52426 | Swamp:1  | Noticed Nikola
 52910 | Lair:3   | HP: 5/132 [Nikola (7)]
 53943 | Spider:1 | Noticed Frances
 53968 | Spider:1 | HP: 5/132 [Frances/shard of ice (21)]
 53971 | Spider:1 | Killed Frances
 54721 | Spider:1 | Noticed Rupert
 54723 | Spider:1 | Paralysed by Rupert for 7 turns
 54775 | Spider:1 | HP: 2/133 [Rupert (10)]
 54775 | Spider:1 | Mangled by Rupert

Illustrated notes

Levels and vault maps discovered:
D:1:      saegor_arrival_simple_c, layout_basic,
          dreamdust_ecumenical_altar_statues, st_stairs_7, minmay_tall_x
D:2:      layout_basic, basic_altar, st_stairs_6, serial_bayou_crossing
D:3:      layout_loops_corners, cheibriados_altar_1, overflow_temple_1_default,
          uniq_sigmund, uniq_purgy, uniq_crazy_yiuf_cottage
D:4:      layout_loops_cross, uniq_robin
D:5:      layout_basic, eat_drink_and_be_merry_uskayaw, xom_butterflies,
          minmay_temple_entry_slanted
D:6:      layout_layer_cave
D:7:      layout_loops_ring, uniq_duvessa
D:8:      cheibrodos_two_vegetables, layout_loops_ring,
          riverfiend_overflow_shadow_ancestor, nicolae_overflow_crystal_walls,
          lemuel_doored_altar, serial_shops, nicolae_lakefront_shop,
          solitary_fountain
D:9:      layout_long_grid, mainiacjoe_overflow_two_lobes,
          chequers_temple_overflow_statue_of_worship, david_lair_shrubbed,
          serial_shops, shop
D:10:     layout_basic, orc_0_dummy
D:11:     layout_basic, pdpol_wu_jian_five_deadly_venoms, uniq_urug,
          uniq_nergalle
D:12:     layout_gridville, special_room [special_room_orc], uniq_snorg,
          uniq_erolcha, uniq_azrael, uniq_josephine
D:13:     layout_loops_ring, ximxim_vaults_locker_room, gauntlet_entry_generic,
          uniq_nessos
D:14:     layout_roguey, vehumet_crystals, minmay_st_funbox, minmay_nine_imps
D:15:     grunt_enter_depths_magical_seal, layout_basic, serial_bayou_ford_a,
          roderic_nine_men_s_morris, serial_park_tiny_pond, minivault_25
Lair:1:   layout_chaotic_city, chequers_serial_rivers_large_b, disabler_island,
          serial_bayou_shore_b, serial_bayou_shore_b, uniq_harold
Lair:2:   layout_cave_pods, gammafunk_ghost_abyssal_escape,
          infiniplex_staircase_pool
Lair:3:   statuecave_lemuel, layout_concentric_octagons,
          minmay_swamp_entry_worms, nicolae_spider_entry_non_spiders,
          nicolae_volcano_entry_hallway
Lair:4:   layout_concentric_octagons, st_stairs_4, kennysheep_rathole
Lair:5:   layout_concentric_octagons
Lair:6:   evilmike_catoblepas_cave, layout_cellular_growth,
          minmay_slime_entry_jelly_boxes, grunt_megastairs_4
Swamp:1:  layout_basic_swamp, portal_ice_cave_entry_ugly_swarm,
          ebering_ghost_inner_flame, evilmike_swamp_ruin_house_1,
          nicolae_swamp_hydra_murder_den, uniq_nikola, uniq_donald
Spider:1: nicolae_spider_hilbert_zone_5 [nicolae_spider_hilbert_3_sides_1_open,
          nicolae_spider_hilbert_4_sides_1_open,
          nicolae_spider_hilbert_4_sides_1_open,
          nicolae_spider_hilbert_6_sides_1_open,
          nicolae_spider_hilbert_6_sides_1_open], uniq_aizul, uniq_rupert,
          uniq_frances
Orc:1:    layout_caves, serial_shops, nicolae_diamond_shop, basic_altar
Orc:2:    st_orc_open, layout_diamond_mine, led_sif_book

Skill      XL: |  1  2  3  4  5  6  7  8  9 10 11 12 13 14 15 |
---------------+----------------------------------------------+-----
Bows           | 3 4 6 7 8 9 12 14 17 | 17.7
Short Blades   | 4 6 |  6.7
Fighting       | 6 7 8 9 12 | 12.3
Evocations     | 3 5 |  5.8
Armour         | 7 9 10 13 | 13.1
Dodging        | 6 11 | 11.8
Long Blades    | 5 13 | 13.3
Spellcasting   | |  1.0
Hexes          | |  2.0

Action                   |  1- 3 |  4- 6 |  7- 9 | 10-12 | 13-15 || total
-------------------------+-------+-------+-------+-------+-------++-------
Melee: Short sword       |       |       |    66 |    52 |     4 ||   122
       Headbutt          |       |       |    11 |    12 |    44 ||    67
       Long sword        |       |       |       |       |   123 ||   123
       Scimitar          |       |       |       |       |    21 ||    21
 Fire: Shortbow          |    84 |   139 |   379 |   834 |  1428 ||  2864
       Longbow           |       |       |       |       |   155 ||   155
Throw: Stone             |       |       |       |       |     1 ||     1
Invok: Brand Weapon With |       |       |       |       |     1 ||     1
Evoke: Wand              |       |       |     8 |    10 |    30 ||    48
       Phial of floods   |       |       |       |       |     4 ||     4
  Use: Scroll            |     4 |     3 |     7 |    13 |    17 ||    44
       Potion            |       |       |     4 |     2 |    21 ||    27
 Stab: Invisible         |       |       |       |       |    10 ||    10
Armor: Robe              |     7 |     3 |       |       |       ||    10
       Scale mail        |       |    33 |    20 |    79 |   153 ||   285
       Chain mail        |       |       |    96 |    70 |       ||   166
       Plate armour      |       |       |       |       |   210 ||   210
Dodge: Dodged            |    17 |    22 |    91 |   183 |   439 ||   752

Table legend: (Time is in decaauts)
 A = Elapsed time spent in this place.
 B = Non-inter-level travel time spent in this place.
 C = Inter-level travel time spent in this place.
 D = Time resting spent in this place.
 E = Time spent auto-exploring this place.
 F = Levels seen in this place.
 G = Mean time per level.
                   A        B        C        D        E       F      G
               +--------+--------+--------+--------+--------+-----+--------+
         Total |  53807 |  52064 |   1743 |  27388 |  17469 |  25 | 2152.3 |
       Dungeon |  29902 |  28863 |   1039 |  14536 |  10583 |  15 | 1993.5 |
          Lair |  17520 |  16967 |    553 |   9174 |   5563 |   6 | 2920.0 |
         Swamp |     35 |     34 |      1 |     10 |      0 |   1 |   35.0 |
   Spider Nest |   1183 |   1183 |      0 |    948 |     89 |   1 | 1183.0 |
  Orcish Mines |   5167 |   5018 |    149 |   2719 |   1234 |   2 | 2583.5 |
               +--------+--------+--------+--------+--------+-----+--------+

Top non-repeatable levels by time:
  Lair:3: 4275 daAuts
  Lair:6: 4233 daAuts
    D:12: 3624 daAuts
     D:6: 2871 daAuts
    D:11: 2850 daAuts
   Orc:2: 2702 daAuts
     D:9: 2548 daAuts
  Lair:5: 2513 daAuts
   Orc:1: 2464 daAuts
  Lair:1: 2436 daAuts
    D:15: 2430 daAuts
  Lair:4: 2397 daAuts
    D:13: 2256 daAuts
     D:3: 1933 daAuts
     D:8: 1923 daAuts
